 Dungeon Crawl Stone Soup version 0.23.2-1-ga50397a (webtiles) character file.

Game seed: 848583838801811864

14119 myga the Grappler (level 11, -3/102 HPs)
             Began as a Troll Berserker on May 2, 2019.
             Was a High Priest of Trog.
             Killed by divine providence
             ... invoked by Saint Roka
              (12 damage)
             ... on level 1 of the Orcish Mines.
             The game lasted 00:56:47 (10676 turns).

myga the Grappler (Troll Berserker)                Turns: 10676, Time: 00:56:49

Health: -3/102     AC: 18    Str: 33    XL:     11   Next: 84%
Magic:  0/19       EV: 16    Int:  3    God:    Trog [*****.]
Gold:   1036       SH:  4    Dex: 12    Spells: 10/10 levels left

rFire    . . .     SeeInvis .   V - +14 great sword of the Wasteland {protect, *Drain Str+6}
rCold    . . .     Gourm    +   (shield currently unavailable)
rNeg     . . .     Faith    .   K - +3 troll leather armour {Snorg}
rPois    .         Spirit   +   (helmet restricted)
rElec    .         Reflect  +   h - scarf {Spirit}
rCorr    .         Harm     .   (gloves unavailable)
MR       .....                  (boots unavailable)
Stlth    ++........             r - +4 amulet of reflection
HPRegen  1.07/turn              p - ring of magical power
MPRegen  0.16/turn              C - +4 ring of evasion

@: protection aura, berserk cooldown, slowed, lightly drained, very slow
A: large, unfitting armour, claws 3, fast metabolism 3, gourmand, regeneration
1, shaggy fur 1, tough skin 3
a: Berserk, Trog's Hand, Brothers in Arms, Renounce Religion


You were on level 1 of the Orcish Mines.
You worshipped Trog.
Trog was extremely pleased with you.
You were very full.

You visited 2 branches of the dungeon, and saw 12 of its levels.
You also visited: Sewer.

You collected 1036 gold pieces.

Inventory:

Hand Weapons
 t - the +6 hunting sling "Pero Gas" {flame, +Inv rElec}
   (You found it on level 5 of the Dungeon)

   It causes projectiles fired from it to burn those they strike, causing extra
   injury to most foes and up to half again as much damage against particularly
   susceptible opponents.
   It insulates you from electricity.
   It lets you turn invisible.
 V - the +14 great sword of the Wasteland (weapon) {protect, *Drain Str+6}
   (Trog gifted it to you on level 1 of the Orcish Mines)

   It protects the one who uses it against injury (+AC on strike).
   It affects your strength (+6).
   It causes draining when unequipped.
Missiles
 c - 212 stones (quivered)
 m - 32 tomahawks
 q - 15 poisoned needles
 x - 2 needles of confusion
 y - 94 sling bullets
 H - 5 large rocks
 L - 5 exploding tomahawks
 R - 2 javelins of returning
 T - 5 poisoned tomahawks
 U - 7 tomahawks of dispersal
Armour
 g - a +1 cloak
 h - a scarf of spirit shield (worn)
 K - a +3 troll leather armour (worn) {Snorg}
 O - a +2 robe of cold resistance
Jewellery
 p - a ring of magical power (left claw)
 r - a +4 amulet of reflection (around neck)
 w - an uncursed ring of magical power
 C - a +4 ring of evasion (right claw)
 D - an uncursed ring of ice
 P - an uncursed ring of fire
Wands
 z - a wand of random effects (33)
 E - a wand of clouds (6)
 J - a wand of flame (9)
 N - a wand of disintegration (8)
Scrolls
 a - a scroll of fog {unknown}
 e - 3 scrolls of remove curse
 f - 2 scrolls of blinking
 i - 6 scrolls of teleportation
 j - 2 scrolls of magic mapping
 o - 2 scrolls of enchant weapon
 s - a scroll of fear {unknown}
 G - a scroll of enchant armour {unknown}
 M - a scroll of random uselessness {unknown}
 Q - a scroll of vulnerability {unknown}
Potions
 d - 3 potions of flight
 k - 4 potions of curing
 l - a potion of brilliance
 n - 2 potions of lignification
 u - 4 potions of heal wounds
 v - a potion of magic
 A - a potion of agility {unknown}
 B - a potion of cancellation
 F - a potion of mutation {unknown}
 I - 2 potions of haste
Comestibles
 b - 17 rations
 S - 12 chunks of flesh


   Skills:
 + Level 5.0(4.9) Fighting
 + Level 0.5(0.4) Long Blades
 + Level 4.0(4.8) Slings
 + Level 5.4(6.4) Throwing
 + Level 2.5(2.4) Armour
 + Level 6.2(6.1) Dodging
 + Level 4.0(3.8) Stealth
 + Level 13.1(12.9) Unarmed Combat


You had 10 spell levels left.
You didn't know any spells.
Your spell library was empty.

Dungeon Overview and Level Annotations

Branches:
Dungeon (10/15)            Temple (0/1) D:5             Orc (2/2) D:9
   Lair: D:8-11         Elf: Orc:2

Altars:
Cheibriados
Dithmenos
Gozag
Makhleb
Qazlal
Ru
Uskayaw
Vehumet
Yredelemnul
Zin
The Shining One

Shops:
Orc:2 }

Annotations:
Orc:1 Saint Roka


Innate Abilities, Weirdness & Mutations

You are too large for most types of armour.
You have claws for hands.
Your metabolism is lightning-fast.
You like to eat raw meat.
Your natural rate of healing is unusually fast.
You are covered in fur. (AC +1)
You have extremely tough skin. (AC +3)


Message History

You feel a strong urge to attack something.
There is a stone staircase leading down, spattered with blood here.
You are too berserk!
You are too berserk!
You barely miss the orc sorcerer.
Saint Roka invokes the aid of Beogh against you.
Beogh smites you!
* * * LOW HITPOINT WARNING * * *
The orc sorcerer mumbles some strange words.
The orc closely misses you.
You riposte.
You slash the orc!
You kill the orc!
Trog accepts your kill.
You hit the orc sorcerer.
The orc sorcerer is lightly wounded.
You are no longer berserk.
You are exhausted.
You feel yourself slow down.
Saint Roka mumbles some strange prayers to Beogh against you.
Beogh smites you!
You die...

#..##...............[..#..#.##...
#.......>...#................##.#
.#..................).<.....###.#
)รท...................[.......#...
..............................#.#
................................#
.................................
...............[o[...............
......#........[@[..............#
.....#....##...[o)4..#.........##
##....#.................#.....##
###.####.##.#.##..#.#.####.### ###
################ ###


You could see Saint Roka, an orc sorcerer and a red devil.

Vanquished Creatures
  Snorg (D:10)
  Fannar (D:10)
  Erolcha (D:9)
  Erica (D:8)
  Nergalle (D:10)
  Pikel (D:7)
  Joseph (D:7)
  A meliai (D:9)
  2 hornets (D:8)
  2 hippogriffs
  8 yaks (D:10)
  A wyvern (D:9)
  Grum (D:10)
  The ghost of Kairos the Insei, an amateur OpTm (D:3)
  2 wargs (Orc:1)
  A water moccasin (D:9)
  Duvessa (D:6)
  19 orc warriors
  2 sky beasts
  3 ice beasts
  5 ogres
  2 phantoms
  4 wolves (D:10)
  2 centaurs (D:9)
  4 big kobolds (Sewer)
  6 bullfrogs
  2 scorpions
  Dowan (D:6)
  A water moccasin skeleton (D:5)
  6 killer bees (D:7)
  6 wights (D:8)
  2 howler monkeys
  A crimson imp (D:10)
  A centaur zombie (D:8)
  3 hounds
  3 jellies
  A bullfrog skeleton (D:5)
  18 orc priests
  2 iguanas
  18 orc wizards
  A centaur skeleton (D:9)
  6 worker ants
  A killer bee zombie (D:8)
  A hound zombie (D:5)
  4 hound skeletons
  2 worker ant zombies
  3 gnolls (D:9)
  A howler monkey skeleton (D:4)
  13 adders
  4 river rats (Sewer)
  5 oozes
  3 adder skeletons
  2 adder zombies
  4 worms
  3 dart slugs
  6 leopard geckos
  86 orcs
  5 giant cockroaches
  8 goblins
  7 hobgoblins
  15 jackals
  5 quokkas
  6 ball pythons
  5 bats
  6 frilled lizards
  2 gnoll zombies (D:4)
  A jackal skeleton (D:5)
  13 kobolds
  A kobold skeleton (D:5)
  14 rats
372 creatures vanquished.

Vanquished Creatures (collateral kills)
  Grinder (D:6)
1 creature vanquished.

Vanquished Creatures (others)
  2 slaves (D:7)
  A howler monkey (D:7)
  An orc priest (D:7)
  2 orcs
  2 withered plants (D:3)
8 creatures vanquished.

Grand Total: 381 creatures vanquished

Notes
Turn   | Place    | Note
-------+----------+-------------------------------------------
     0 | D:1      | myga the Troll Berserker began the quest for the Orb.
     0 | D:1      | Reached XP level 1. HP: 22/22 MP: 0/0
   119 | D:1      | Reached XP level 2. HP: 29/29 MP: 1/1
   320 | D:1      | Reached ** piety under Trog
   719 | D:2      | Reached XP level 3. HP: 36/36 MP: 2/2
  1125 | D:2      | Reached XP level 4. HP: 30/44 MP: 3/3
  1214 | D:2      | Reached skill level 4 in Unarmed Combat
  1450 | D:3      | Found a sacrificial altar of Ru.
  1481 | D:3      | Noticed a phantom
  1496 | D:3      | Killed a phantom
  1496 | D:3      | Reached skill level 1 in Throwing
  1496 | D:3      | Reached XP level 5. HP: 48/53 MP: 2/4
  1546 | D:3      | Found a hide-covered altar of Uskayaw.
  1655 | D:3      | Found a snail-covered altar of Cheibriados.
  1697 | D:3      | Reached *** piety under Trog
  1837 | D:3      | Found a runed translucent door.
  1855 | D:3      | Reached skill level 5 in Unarmed Combat
  1948 | D:3      | Noticed Kairos's ghost (amateur OpTm)
  2032 | D:3      | Found an opulent altar of Gozag.
  2074 | D:3      | Found a glowing golden altar of the Shining One.
  2535 | D:3      | Killed Kairos's ghost
  2535 | D:3      | Reached XP level 6. HP: 61/61 MP: 3/5
  2681 | D:4      | Found a glowing silver altar of Zin.
  2791 | D:4      | Reached skill level 1 in Stealth
  2949 | D:4      | Reached skill level 6 in Unarmed Combat
  3024 | D:4      | Found a basalt altar of Yredelemnul.
  3055 | D:4      | Reached XP level 7. HP: 67/67 MP: 6/6
  3126 | D:4      | Found a radiant altar of Vehumet.
  3741 | D:5      | Entered Level 5 of the Dungeon
  3767 | D:5      | Got a shimmering hunting sling
  3790 | D:5      | Found a staircase to the Ecumenical Temple.
  3831 | D:5      | Found a glowing drain.
  3852 | Sewer    | Entered a sewer
  4112 | Sewer    | Reached skill level 7 in Unarmed Combat
  4197 | Sewer    | Reached **** piety under Trog
  4757 | D:5      | Noticed an angel
  4898 | D:5      | Reached XP level 8. HP: 72/75 MP: 7/7
  4973 | D:5      | Noticed a rust devil
  5132 | D:5      | Found a runed translucent door.
  5159 | D:5      | Found a basalt altar of Yredelemnul.
  5299 | D:3      | Identified the +6 hunting sling "Pero Gas" {flame, +Inv
                  | rElec} (You found it on level 5 of the Dungeon)
  5611 | D:6      | Found a burning altar of Makhleb.
  5770 | D:6      | Noticed Dowan
  5780 | D:6      | Killed Dowan
  5780 | D:6      | Reached skill level 1 in Slings
  5803 | D:6      | Noticed Grinder
  5804 | D:6      | Noticed Duvessa
  5813 | D:6      | Killed Duvessa
  5815 | D:6      | Killed Grinder
  5815 | D:6      | Reached skill level 8 in Unarmed Combat
  6219 | D:7      | Reached XP level 9. HP: 68/83 MP: 8/8
  6395 | D:7      | Noticed Pikel
  6400 | D:7      | Killed Pikel
  6483 | D:7      | Reached skill level 9 in Unarmed Combat
  6510 | D:7      | Noticed Joseph
  6519 | D:7      | Killed Joseph
  6601 | D:7      | Reached ***** piety under Trog
  6927 | D:7      | Found a stormy altar of Qazlal.
  7051 | D:8      | Noticed Erica
  7056 | D:8      | Killed Erica
  7056 | D:8      | Reached XP level 10. HP: 93/93 MP: 9/9
  7175 | D:8      | Found a shadowy altar of Dithmenos.
  7246 | D:8      | Reached skill level 10 in Unarmed Combat
  7500 | D:8      | Paralysed by a hornet for 1 turns
  7508 | D:8      | Received a gift from Trog
  7508 | D:8      | Reached skill level 5 in Dodging
  8021 | D:9      | Noticed Erolcha
  8030 | D:9      | Killed Erolcha
  8030 | D:9      | Reached skill level 11 in Unarmed Combat
  8194 | D:9      | Received a gift from Trog
  8212 | D:9      | Found a staircase to the Orcish Mines.
  8476 | D:9      | Reached XP level 11. HP: 93/101 MP: 10/10
  8967 | D:10     | Entered Level 10 of the Dungeon
  9094 | D:10     | Noticed Snorg
  9099 | D:10     | Killed Snorg
  9099 | D:10     | Reached skill level 12 in Unarmed Combat
  9280 | D:10     | Reached skill level 5 in Throwing
  9394 | D:10     | Noticed Fannar
  9414 | D:10     | Killed Fannar
  9464 | D:10     | Reached skill level 1 in Armour
  9513 | D:10     | Noticed Nergalle
  9526 | D:10     | Killed Nergalle
  9573 | D:10     | Noticed Grum
  9584 | D:10     | Killed Grum
  9690 | D:10     | Received a gift from Trog
 10061 | Orc:1    | Entered Level 1 of the Orcish Mines
 10412 | Orc:2    | Entered Level 2 of the Orcish Mines
 10428 | Orc:1    | Received a gift from Trog
 10446 | Orc:1    | Got a crude great sword {god gift}
 10475 | Orc:2    | Reached skill level 13 in Unarmed Combat
 10477 | Orc:2    | Noticed an orc sorcerer
 10484 | Orc:2    | Found Nomneebb's Gadget Shoppe.
 10487 | Orc:2    | Noticed Saint Roka
 10519 | Orc:1    | Identified the +14 great sword of the Wasteland {protect,
                  | *Drain Str+6} (Trog gifted it to you on level 1 of the
                  | Orcish Mines)
 10606 | Orc:1    | Reached skill level 5 in Fighting
 10671 | Orc:2    | Noticed an orc high priest
 10676 | Orc:1    | Killed from afar by Saint Roka

Skill      XL: |  1  2  3  4  5  6  7  8  9 10 11 |
---------------+----------------------------------+-----
Unarmed Combat | 4 5 6 7 8 9 11 13 | 13.1
Dodging        | 3 4 5 6 |  6.2
Fighting       | 3 4 5 |  5.0
Throwing       | 1 2 3 4 5 |  5.4
Stealth        | 1 2 3 4 |  4.0
Slings         | 2 3 4 |  4.0
Armour         | 2 |  2.5
Long Blades    | |  0.5

Action                   |  1- 3 |  4- 6 |  7- 9 | 10-12 || total
-------------------------+-------+-------+-------+-------++-------
Melee: Unarmed           |   134 |   116 |   251 |   438 ||   939
       Punch             |     2 |     3 |    11 |    21 ||    37
       Hunting sling     |       |       |     1 |       ||     1
       Great sword       |       |       |       |    19 ||    19
 Fire: Hunting sling     |       |       |    49 |       ||    49
Throw: Stone             |    15 |    43 |   114 |    81 ||   253
       Tomahawk          |       |       |     1 |    10 ||    11
       Large rock        |       |       |       |     4 ||     4
       Throwing net      |       |       |       |     1 ||     1
Invok: Berserk           |       |     2 |     3 |     6 ||    11
       Trog's Hand       |       |       |     2 |     4 ||     6
       Brothers in Arms  |       |       |     1 |       ||     1
  Use: Scroll            |     2 |     2 |     3 |     1 ||     8
       Potion            |       |     1 |     3 |     3 ||     7
 Stab: Sleeping          |     1 |     1 |     6 |     4 ||    12
       Paralysed         |       |     2 |       |       ||     2
  Eat: Chunk             |    16 |    20 |    40 |    41 ||   117
Armor: Animal skin       |    39 |    31 |    53 |       ||   123
       Robe              |       |       |       |    43 ||    43
       Troll leather arm |       |       |       |    53 ||    53
Dodge: Dodged            |    59 |    33 |    95 |   199 ||   386
Block: Other             |       |     2 |    24 |    63 ||    89
       Reflection        |       |     1 |     2 |     2 ||     5
       Rpst.: Great sword |       |       |       |    15 ||    15
